 Dungeon Crawl Stone Soup version 0.28.0-53-g5a82cb258f (webtiles) character file.

Game seed: 7654156453578978798

64 MiltankisOP the Poker (level 4, 0/35 HPs)
             Began as a Merfolk Monk on June 15, 2022.
             Killed from afar by Ijyb (9 damage)
             ... with a puff of flame
             ... on level 3 of the Dungeon.
             The game lasted 00:03:37 (2320 turns).

MiltankisOP the Poker (Merfolk Monk)                Turns: 2320, Time: 00:03:39

Health: 0/35       AC:  2    Str: 11    XL:     4   Next: 12%
Magic:  4/4        EV: 13    Int:  9    God:
Gold:   71         SH:  8    Dex: 18    Spells: 3/3 levels left

rFire   . . .      SeeInvis .   a - +0 spear
rCold   . . .      Faith    .   g - +0 kite shield
rNeg    . . .      Spirit   .   b - +0 robe
rPois   .          Reflect  .   (no helmet)
rElec   .          Harm     .   (no cloak)
rCorr   .          Rampage  .   (no gloves)
Will    .....                   (no boots)
Stlth   ++........              (no amulet)
HPRegen 0.11/turn               (no ring)
MPRegen 0.09/turn               (no ring)

@: no status effects
A: (nimble swimmer 2), mertail
a: no special abilities


You were on level 3 of the Dungeon.
You visited 1 branch of the dungeon, and saw 3 of its levels.

You collected 71 gold pieces.

Inventory:

Hand Weapons
 a - a +0 spear (weapon)
Armour
 b - a +0 robe (worn)
 g - a +0 kite shield (worn)
Scrolls
 c - a scroll of teleportation {unknown}
 d - 2 scrolls of identify {unknown}
 f - a scroll of blinking {unknown}
 i - a scroll of immolation {unknown}
 j - a scroll of enchant armour {unknown}
Potions
 e - a potion of resistance {unknown}
 h - a potion of lignification {unknown}


   Skills:
 - Level 3.2 Fighting
 + Level 5.9 Polearms
 + Level 5.3 Dodging
 - Level 2.1 Stealth


You had 3 spell levels left.
You didn't know any spells.
Your spell library was empty.

Dungeon Overview and Level Annotations

Branches:
Dungeon (3/15)

Altars:

Shops:
D:2 [

Annotations:
D:3 Ijyb


Innate Abilities, Weirdness & Mutations

((You are very nimble when in or above water. (Stealth+, EV+, Speed+++)))
Your lower body shifts to a powerful aquatic tail in water.


Message History

There is an open door here.
Found a stone staircase leading up.
A frilled lizard comes into view.
A frilled lizard is nearby!
No target in view!
No target in view!
No target in view!
No target in view!
No target in view!
No target in view!
No target in view!
No target in view!
No target in view!
No target in view!
No target in view!
No target in view!
No target in view!
You now have 56 gold pieces (gained 11).
You now have 71 gold pieces (gained 15).
You open the door.
There is an open door here.
As you open the door, it creaks loudly!
No target in view!
There is an open door here.
There is an open door here.
There is an open door here.
You see here a +0 rapier.
Ijyb the Twisted Goblin comes into view.
She is wielding a +0 dagger and carrying a wand of flame (9).
Ijyb shouts!
Ijyb zaps a wand.
The puff of flame hits you!
A quokka comes into view.
Ijyb zaps a wand.
The puff of flame hits you!
Ijyb screams, "Die!"
Ijyb zaps a wand.
The puff of flame hits you. Ijyb barely misses you.
You barely miss Ijyb. Ijyb closely misses you.
You closely miss Ijyb. Ijyb hits you with a +0 dagger.
* * * LOW HITPOINT WARNING * * *
You closely miss Ijyb.
Ijyb zaps a wand.
The puff of flame hits you!
You die...

#### #.# #...... # #.#
#...... #.# #......
##.#####.....
#............ #
##..#####.##.# ##
##.....# #.# .# ##
.####...##.###.##.#...##
.'.......)......@g......
.####...##.##.........##
## ##.###.##.###.##.## #
### #.##.# .# #
##########.##.# .#
..+.....<#.##.# .#
.♣######.#.##.# .#
.####...)..##.$ ..
.'.##.##.###


You could see Ijyb.

Vanquished Creatures
  2 adders (D:2)
  2 worms (D:2)
  A dart slug (D:2)
  An orc (D:2)
  2 bats
  6 endoplasms
  A giant cockroach (D:1)
  4 hobgoblins
  5 ball pythons
  2 frilled lizards (D:1)
  4 goblins (D:1)
  3 kobolds
  4 rats
  A spectral kobold (D:2)
38 creatures vanquished.

Notes
Turn   | Place    | Note
-------+----------+-------------------------------------------
     0 | D:1      | MiltankisOP the Merfolk Monk began the quest for the Orb.
     0 | D:1      | Reached XP level 1. HP: 18/18 MP: 1/1
   330 | D:1      | Reached XP level 2. HP: 24/24 MP: 2/2
   543 | D:1      | Reached skill level 5 in Polearms
   931 | D:1      | You fall into a shaft and drop 1 floor!
  1257 | D:2      | Found a faded altar of an unknown god.
  1284 | D:2      | Reached XP level 3. HP: 26/29 MP: 3/3
  1411 | D:2      | Found Fyfoddi's Armour Emporium.
  1546 | D:2      | Reached skill level 5 in Dodging
  1820 | D:2      | Reached XP level 4. HP: 35/35 MP: 4/4
  2309 | D:3      | Noticed Ijyb
  2320 | D:3      | Killed from afar by Ijyb

Illustrated notes

Levels and vault maps discovered:
D:1:      amcnicky_arrival_feature_with_door, layout_loops_corners,
          minmay_pentomino_u2
D:2:      layout_basic, dreamdust_ecumenical_altar_drowned_temple, serial_shops,
          nicolae_shop_hallway_stairs
D:3:      layout_loops_corners, kennysheep_nondescript, uniq_ijyb

Skill      XL: |  1  2  3 |
---------------+----------+-----
Polearms       | 5 |  5.9
Dodging        | 5 |  5.3
Fighting       | |  3.2
Stealth        | |  2.1

Action                   |  1- 3 |  4- 6 || total
-------------------------+-------+-------++-------
Melee: Spear             |   122 |    22 ||   144
       Tailslap          |     1 |       ||     1
 Stab: Sleeping          |     7 |     1 ||     8
       Distracted        |     1 |       ||     1
Armor: Robe              |    11 |     2 ||    13
Dodge: Dodged            |    36 |    11 ||    47
Block: Kite shield       |    17 |    12 ||    29
